 Dungeon Crawl Stone Soup version 0.28.0-45-g0d030f2227 (webtiles) character file.

Game seed: 1813424347842016377

46 protoss039 the Shield-Bearer (level 3, -10/33 HPs)
             Began as a Minotaur Fighter on Apr 6, 2022.
             Mangled by Sigmund
             ... wielding a +0 scythe
              (11 damage)
             ... on level 2 of the Dungeon.
             The game lasted 00:02:06 (871 turns).

protoss039 the Shield-Bearer (Minotaur Fighter)      Turns: 871, Time: 00:02:06

Health: -10/33     AC:  9    Str: 22    XL:     3   Next: 44%
Magic:  2/2        EV:  9    Int:  5    God:
Gold:   50         SH:  4    Dex:  9    Spells: 2/2 levels left

rFire   + . .      SeeInvis .   a - +0 war axe
rCold   + . .      Faith    .   c - +0 buckler
rNeg    . . .      Spirit   .   b - +0 scale mail
rPois   +          Reflect  .   i - +2 hood of the Assassin {Detection Stab+ Stlth++}
rElec   +          Harm     .   (no cloak)
rCorr   +          Rampage  .   (no gloves)
Will    .....                   (no boots)
Stlth   ++........              (no amulet)
HPRegen 0.11/turn               (no ring)
MPRegen 0.08/turn               (no ring)

@: mighty, resistant
A: horns 2, retaliatory headbutt
a: no special abilities


You were on level 2 of the Dungeon.
You visited 1 branch of the dungeon, and saw 2 of its levels.

You collected 50 gold pieces.

Inventory:

Hand Weapons
 a - a +0 war axe (weapon)
Armour
 b - a +0 scale mail (worn)
 c - a +0 buckler (worn)
 i - the +2 hood of the Assassin (worn) {Detection Stab+ Stlth++}
   (You found it on level 2 of the Dungeon)

   It allows the wearer to sense nearby creatures.
   It allows the wearer to make particularly effective stabbing attacks against
   helpless or unaware enemies with any weapon.
   Stlth:     It makes you much more stealthy.
Wands
 k - a wand of polymorph (9)
Scrolls
 f - a scroll of enchant armour {unknown}
Potions
 d - 4 potions of might
 e - a potion of resistance
 g - a potion of berserk rage {unknown}
 h - a potion of heal wounds {unknown}
 j - a potion of mutation {unknown}
 l - 2 potions of lignification {unknown}


   Skills:
 + Level 4.1 Fighting
 + Level 3.2 Axes
 + Level 4.1 Armour
 + Level 4.2 Shields


You had 2 spell levels left.
You didn't know any spells.
Your spell library was empty.

Dungeon Overview and Level Annotations

Branches:
Dungeon (2/15)

Altars:

Annotations:
D:2 Sigmund


Innate Abilities, Weirdness & Mutations

You have a pair of horns on your head.
You reflexively headbutt those who attack you in melee.


Message History

You barely miss Sigmund. Your headbutt misses Sigmund.
Sigmund is moderately wounded.
A bat comes into view.
Sigmund points at you and mumbles some strange words.
You are confused.
Sigmund casts a spell.
Sigmund flickers and vanishes!
Deactivating autopickup; reactivate with Ctrl-A.
The bat moves out of view.
You are too confused!
Unknown command.
You are too confused!
Unknown command.
You are too confused!
Unknown command.
Unknown command.
You're too confused to attack without stumbling around!
You're too confused to attack without stumbling around!
You're too confused to attack without stumbling around!
You bump into the rock wall.
Something hits you!
You bump into the rock wall.
You barely miss something. Something hits you.
You're too confused to move!
Something hits you.
It was a potion of resistance.
You feel protected.
You feel less confused. Something hits you!
* * * LOW HITPOINT WARNING * * *
Unknown command.
Unknown command.
Unknown command.
You feel very mighty all of a sudden.
Unknown command.
Unknown command.
Unknown command.
You slash something! Your headbutt misses something. Something hits you.
* * * LOW HITPOINT WARNING * * *
Unknown command.
Unknown command.
You closely miss something. Something hits you!
You die...

#........<..................
#.#.............####.#####..
######...#########.#####.
#...# #...........# #...#
#.########### #...# #.#
#...# #.# ...## #.# #@#
......{## { .#####. #. #. #.
.. ..


There were no monsters in sight!

Vanquished Creatures
  An adder (D:2)
  2 ball pythons
  3 bats (D:1)
  4 endoplasms
  A giant cockroach (D:1)
  6 goblins
  3 hobgoblins (D:1)
  5 kobolds
  3 quokkas
  3 frilled lizards
  2 rats (D:1)
33 creatures vanquished.

Notes
Turn   | Place    | Note
-------+----------+-------------------------------------------
     0 | D:1      | protoss039 the Minotaur Fighter began the quest for the
                  | Orb.
     0 | D:1      | Reached XP level 1. HP: 19/19 MP: 0/0
    63 | D:1      | Reached XP level 2. HP: 25/27 MP: 1/1
   312 | D:1      | Found a faded altar of an unknown god.
   545 | D:1      | Reached XP level 3. HP: 33/33 MP: 2/2
   667 | D:2      | Found the +2 hood of the Assassin {Detection Stab+ Stlth++}
   856 | D:2      | Noticed Sigmund
   870 | D:2      | HP: 1/33 [something (6)]
   871 | D:2      | Mangled by Sigmund

Illustrated notes

Levels and vault maps discovered:
D:1:      amcnicky_arrival_blooded_trapdoor, layout_loops_ring,
          chequers_ecumenical_altar_island
D:2:      layout_loops_cross, uniq_sigmund, uniq_crazy_yiuf_cottage, uniq_robin

Skill      XL: |  1  2 |
---------------+-------+-----
Shields        | 4 |  4.2
Armour         | 4 |  4.1
Fighting       | 4 |  4.1
Axes           | 3 |  3.2

Action                   || total
-------------------------++-------
Melee: War axe           ||    63
       Headbutt          ||     7
  Use: Potion            ||     2
 Stab: Sleeping          ||     1
Armor: Scale mail        ||    24
Dodge: Dodged            ||    28
Block: Buckler           ||     8
